 Dungeon Crawl Stone Soup version 0.31-b1-22-gc680215f68 (webtiles) character file.

Game seed: 8379335733576934129

10103 BigPumpCobain the Grappler (level 11, -3/107 HPs)
             Began as a Troll Shapeshifter on Jan 19, 2024.
             Was a High Priest of Jiyva.
             Slain by a cane toad (8 damage)
             ... on level 1 of the Lair of Beasts.
             The game lasted 00:12:21 (6296 turns).

BigPumpCobain the Grappler (Troll Shapeshifter)     Turns: 6296, Time: 00:12:21

Health: -3/107     AC:  4    Str: 32    XL:     11   Next: 31%
Magic:  8/10       EV: 14    Int:  4    God:    Jiyva [*****.]
Gold:   348        SH:  0    Dex: 17    Spells: 10/10 levels left

rFire   + .          .
                       - Unarmed
rCold   . . .        (no shield)
rNeg    . . .        a - +0 animal skin
rPois   .            (helmet currently unavailable)
rElec   .            (cloak currently unavailable)
rCorr   +            (gloves unavailable)
SInv    .            (boots unavailable)
Will    +....        e - amulet of faith
Stlth   ++           k - ring of willpower
HPRegen 2.61/turn    j - +6 ring of strength
MPRegen 0.84/turn

%: faith
@: beast-form, calling ooze, studying Dodging
A: beast (slay +4), large, unfitting armour, claws 3, regeneration 1, shaggy fur
1, tough skin 1, talons 3, agile 2, fire resistance 1
a: Begin Untransformation, Renounce Religion, Oozemancy, Slimify


You were on level 1 of the Lair of Beasts.
You worshipped Jiyva.
Jiyva was extremely pleased with you.
You were a hulking beast.
You visited 2 branches of the dungeon, and saw 11 of its levels.
You also visited: Sewer.

You collected 348 gold pieces.

Inventory:

Armour
 a - a +0 animal skin (worn)
Jewellery
 e - an amulet of faith (around neck)
 f - a ring of protection from cold
 j - a +6 ring of strength (right claw)
 k - a ring of willpower (left claw)
 A - a ring of willpower
Talismans
 c - a beast talisman
 d - a flux talisman
 n - a maw talisman
Wands
 y - a wand of flame (22)
Scrolls
 b - a scroll of revelation
 g - a scroll of amnesia
 m - a scroll of teleportation
 o - a scroll of noise {unknown}
 p - 2 scrolls of enchant weapon
 t - a scroll of enchant armour {unknown}
 u - 2 scrolls of fear {unknown}
 v - a scroll of immolation {unknown}
Potions
 h - a potion of curing {unknown}
 i - a potion of degeneration {unknown}
 l - 2 potions of resistance {unknown}
 q - a potion of berserk rage {unknown}
 r - a potion of brilliance {unknown}
 s - 2 potions of attraction {unknown}
 w - 2 potions of heal wounds {unknown}
 x - a potion of mutation {unknown}
 z - a potion of might {unknown}


   Skills:
 + Level 6.7 Fighting
 + Level 7.6 Dodging
 * Level 11.8 Unarmed Combat
 + Level 8.1 Shapeshifting


You had 10 spell levels left.
You didn't know any spells.
Your spell library contained the following spells:

 Spells                   Type           Power      Damage    Failure   Level
 Freeze                   Ice            0%         1d3       50%         1
 Sandblast                Erth           0%         2d4       50%         1
 Blink                    Tloc           0%         N/A       65%         2
 Cigotuvi's Dreadful Rot  Necr/Alch/Air  0%         N/A       65%         2
 Lesser Beckoning         Tloc           0%         N/A       65%         2
 Momentum Strike          Conj/Tloc      0%         3d8       65%         2
 Dazzling Flash           Conj/Hex       0%         N/A       86%         3
 Frozen Ramparts          Ice            0%         1d1       86%         3
 Hailstorm                Conj/Ice       0%         3d5       86%         3
 Mephitic Cloud           Conj/Alch/Air  0%         N/A       86%         3
 Passwall                 Erth           0%         N/A       86%         3
 Stone Arrow              Conj/Erth      0%         3d7       86%         3
 Brom's Barrelling Bould  Conj/Erth      0%         2d3       99%         4
 Ignite Poison            Fire/Alch      0%         N/A       99%         4
 Curse of Agony           Necr           0%         N/A       100%        5
 Freezing Cloud           Conj/Ice/Air   0%         6-21      100%        5
 Silence                  Hex/Air        0%         N/A       100%        5


Dungeon Overview and Level Annotations

Branches:
Dungeon (10/15)            Temple (0/1) D:4            Lair (1/5) D:9
  Sewer (visited)
    Orc: D:9-12

Altars:
Cheibriados
Fedhas
Ru
Vehumet

Shops:
D:1 :(!?(   D:8 =


Innate Abilities, Weirdness & Mutations

You are a hulking beast.
Your limbs bulge with bestial killing power. (Slay +4)
You are too large for most types of armour.
You have claws for hands.
Your natural rate of healing is unusually fast.
You are covered in fur. (AC +1)
You have tough skin. (AC +1)
You have claws for feet.
You are very agile. (Dex +8, Str/Int -2)
Your flesh is heat resistant. (rF+)


Message History

You are too injured to fight recklessly!
You are too injured to fight recklessly!
You are too injured to fight recklessly!
You are too injured to fight recklessly!
You are too injured to fight recklessly!
You are too injured to fight recklessly!
You are too injured to fight recklessly!
You are too injured to fight recklessly!
You are too injured to fight recklessly!
You are too injured to fight recklessly!
You are too injured to fight recklessly!
You are too injured to fight recklessly!
You are too injured to fight recklessly!
You are too injured to fight recklessly!
You are too injured to fight recklessly!
You are too injured to fight recklessly!
You closely miss the blink frog. You claw the blink frog.
The blink frog is heavily wounded.
You feel sick.
You are no longer poisoned.
The blink frog closely misses you. The water moccasin closely misses you.
The blink frog barely misses you. The cane toad closely misses you.
You miss the blink frog. You claw the blink frog.
The blink frog is heavily wounded.
The blink frog closely misses you. The water moccasin bites you!
The cane toad stings you!!
* * * LOW HITPOINT WARNING * * *
Activating: Oozemancy (1% risk of failure)
Press: ? - help, Dir - look around, f - activate A rock wall.
Slime begins to ooze from the nearby walls!
The walls burn the blink frog!
The blink frog barely misses you. The water moccasin closely misses you.
The wall burns the blink frog!
The blink frog hits you!
* * * LOW HITPOINT WARNING * * *
The blink frog completely misses you.
The walls burn the blink frog!
You kill the blink frog!
The water moccasin misses you.
The walls burn the cane toad!
The cane toad stings you!
You die...

+.......#...$..#...
#....................
...#.......#......#.....
#..........#...........
#..#.......+......##.###
#................#......
#..######.##....##......
#.............†##F......
..............#†hF.8....
..............#FFS......
............##......###.
......#######..8...##
.....## ..........
#....# .#..........
#..#..8.>. +.8.>.8..8..
P....#... #...........
#P.#..#.8.


You could see a cane toad, 3 blink frogs and a water moccasin.

Vanquished Creatures
  Erica (D:8)
  2 death yaks (D:9)
  Pikel (D:7)
  A gargoyle (D:8)
  A cane toad (Lair:1)
  Prince Ribbit (D:7)
  2 blink frogs (Lair:1)
  Sigmund (D:4)
  A wraith (D:9)
  Grum (D:8)
  2 yaks (D:9)
  4 water moccasins
  2 orc warriors
  An ice beast (D:8)
  A black bear (Lair:1)
  A sky beast (D:7)
  3 ogres
  3 centaurs
  3 wolves (D:8)
  2 lemures (D:7)
  2 phantoms
  5 bullfrogs
  2 gnoll sergeants (D:8)
  5 scorpions
  6 wights
  7 killer bees
  4 howler monkeys
  3 bombardier beetles
  Crazy Yiuf (D:2)
  3 hounds
  2 jellies (Sewer)
  A gnoll bouda (D:6)
  3 orc priests
  2 sleepcaps
  3 iguanas
  12 orc wizards
  12 gnolls
  8 adders
  3 river rats (Sewer)
  A shadow imp (D:5)
  2 ufetubi (D:6)
  2 ribbon worms
  A dart slug (D:5)
  30 orcs
  8 ball pythons
  17 endoplasms
  4 giant cockroaches
  7 hobgoblins
  4 jackals (D:4)
  2 quokkas
  5 bats
  8 frilled lizards
  3 goblins
  4 kobolds
  7 rats
223 creatures vanquished.

Vanquished Creatures (collateral kills)
  3 death yaks (D:9)
  2 yaks (D:9)
5 creatures vanquished.

Vanquished Creatures (others)
  A bullfrog (D:9)
  A scorpion (D:6)
  4 jellies
  A bombardier beetle (D:7)
  An orc wizard (D:4)
  3 orcs
  A goblin (D:4)
  A hobgoblin (D:4)
13 creatures vanquished.

Grand Total: 241 creatures vanquished

Notes
Turn   | Place    | Note
-------+----------+-------------------------------------------
     0 | D:1      | BigPumpCobain the Troll Shapeshifter began the quest for
                  | the Orb.
     0 | D:1      | Reached XP level 1. HP: 18/18 MP: 0/0
   108 | D:1      | Reached skill level 1 in Fighting
   115 | D:1      | Found Cediqy's Magic Scroll Emporium.
   142 | D:1      | Found Wekhu's Antique Weapon Emporium.
   289 | D:1      | Reached XP level 2. HP: 27/27 MP: 1/1
   324 | D:1      | Found Koasaxta's Book Emporium.
   376 | D:1      | Found Jescho's Distillery.
   396 | D:1      | Found Yxtec's Weapon Shoppe.
   867 | D:2      | Reached XP level 3. HP: 33/33 MP: 2/2
  1129 | D:2      | Found a runed translucent door.
  1130 | D:2      | Noticed Crazy Yiuf
  1136 | D:2      | Killed Crazy Yiuf
  1137 | D:2      | Reached skill level 4 in Unarmed Combat
  1137 | D:2      | Reached XP level 4. HP: 25/42 MP: 3/3
  1826 | D:4      | Noticed a scorpion
  1837 | D:3      | Killed a scorpion
  1838 | D:3      | Reached XP level 5. HP: 15/49 MP: 4/4
  1874 | D:4      | Noticed Sigmund
  1881 | D:4      | Killed Sigmund
  1882 | D:4      | Reached skill level 5 in Unarmed Combat
  1882 | D:4      | Reached XP level 6. HP: 59/59 MP: 5/5
  1976 | D:4      | Reached XP level 7. HP: 54/66 MP: 6/6
  2106 | D:4      | Found a glowing drain.
  2109 | Sewer    | Entered a sewer
  2232 | Sewer    | Found a viscous altar of Jiyva.
  2236 | Sewer    | Reached skill level 6 in Unarmed Combat
  2256 | Sewer    | Became a worshipper of Jiyva Jannirog the Shapeless
  2343 | D:4      | HP: 3/67 [ogre/+0 giant club (18)]
  2405 | D:4      | Found a staircase to the Ecumenical Temple.
  2555 | D:4      | Reached * piety under Jiyva
  2719 | D:5      | Entered Level 5 of the Dungeon
  2808 | D:5      | Reached XP level 8. HP: 67/75 MP: 7/7
  2904 | D:5      | Found a snail-covered altar of Cheibriados.
  2960 | D:5      | Reached ** piety under Jiyva
  2971 | D:5      | Reached skill level 5 in Shapeshifting
  3048 | D:5      | Reached skill level 7 in Unarmed Combat
  3110 | D:5      | Found a sacrificial altar of Ru.
  3148 | D:5      | Found a blossoming altar of Fedhas.
  3307 | D:5      | HP: 1/78 [gnoll/+0 flail[a gnoll bouda] (7)]
  3606 | D:6      | Reached *** piety under Jiyva
  3844 | D:7      | Gained mutation: You are agile. (Dex +4, Str/Int -1)
                  | [Jiyva's grace]
  3844 | D:7      | Gained mutation: You are very agile. (Dex +8, Str/Int -2)
                  | [Jiyva's grace]
  3844 | D:7      | Gained mutation: You are somewhat resistant to further
                  | mutation. [Jiyva's grace]
  3844 | D:7      | Gained mutation: You are somewhat resistant to both further
                  | mutation and mutation removal. [Jiyva's grace]
  3854 | D:7      | Reached skill level 8 in Unarmed Combat
  3922 | D:7      | Noticed Prince Ribbit
  3931 | D:7      | Killed Prince Ribbit
  3932 | D:7      | Reached XP level 9. HP: 21/82 MP: 6/8
  3971 | D:7      | Noticed Pikel
  3984 | D:7      | Killed Pikel
  4310 | D:7      | Reached skill level 9 in Unarmed Combat
  4609 | D:8      | Reached **** piety under Jiyva
  4619 | D:8      | Reached skill level 5 in Fighting
  4631 | D:8      | Reached skill level 5 in Dodging
  4749 | D:8      | Found a radiant altar of Vehumet.
  4849 | D:8      | Reached XP level 10. HP: 43/96 MP: 9/9
  4900 | D:8      | Noticed Grum
  4909 | D:8      | Killed Grum
  4993 | D:8      | Noticed a gargoyle
  5001 | D:8      | Killed a gargoyle
  5002 | D:8      | Reached skill level 10 in Unarmed Combat
  5148 | D:8      | Noticed Erica
  5154 | D:8      | Killed Erica
  5426 | D:8      | Found Asyofrua's Jewellery Shop.
  5620 | D:9      | Noticed a death yak
  5621 | D:9      | Noticed a death yak
  5623 | D:9      | Found a staircase to the Lair.
  5623 | D:9      | Noticed a death yak
  5630 | D:10     | Entered Level 10 of the Dungeon
  5819 | D:9      | Reached ***** piety under Jiyva
  5856 | D:9      | Lost mutation: You are somewhat resistant to both further
                  | mutation and mutation removal. [Jiyva's grace]
  5856 | D:9      | Lost mutation: You are somewhat resistant to further
                  | mutation. [Jiyva's grace]
  5856 | D:9      | Gained mutation: You have sharp toenails. [Jiyva's grace]
  5856 | D:9      | Gained mutation: You have razor-sharp toenails. [Jiyva's
                  | grace]
  5856 | D:9      | Gained mutation: You have claws for feet. [Jiyva's grace]
  5856 | D:9      | Gained mutation: Your flesh is heat resistant. (rF+)
                  | [Jiyva's grace]
  5952 | D:9      | Noticed a death yak
  5953 | D:9      | Noticed a death yak
  5960 | D:9      | Killed a death yak
  5961 | D:9      | Reached skill level 11 in Unarmed Combat
  5961 | D:9      | Killed a death yak
  5963 | D:9      | Killed a death yak
  5964 | D:9      | Reached XP level 11. HP: 41/107 MP: 8/10
  5967 | D:9      | Killed a death yak
  5969 | D:9      | Killed a death yak
  6237 | Lair:1   | Entered Level 1 of the Lair of Beasts
  6296 | Lair:1   | HP: 5/107 [blink frog (16)]
  6296 | Lair:1   | Slain by a cane toad

Illustrated notes

Levels and vault maps discovered:
D:1:      scummos_arrival_star, layout_loops_ring, serial_shops, shop, shop,
          shop, shop, shop
D:2:      layout_basic, uniq_crazy_yiuf_cottage
D:3:      layout_basic
D:4:      layout_cave_pools, minmay_temple_entry_waves,
          mainiacjoe_sewer_entry_somewhere_in_here_1,
          hangedman_abyss_or_decor_lesser_grid, uniq_sigmund
D:5:      layout_basic, mainiacjoe_overflow_swirl, cheibrodos_worm_habitat,
          nicolae_nh_ransacked_shop
D:6:      layout_cave_pools, nicolae_tricolors
D:7:      layout_loops_ring, kennysheep_potato, uniq_pikel, uniq_prince_ribbit1
D:8:      layout_loops_ring, lemuel_tele_altar, serial_shops,
          nicolae_shop_back_alley_shop, grunt_ministairs_15, nicolae_wwwww,
          grunt_decor_mini_mirrors, minmay_manual_mares, uniq_erica, uniq_grum
D:9:      layout_gridville, dpeg_lair_monsters, kennysheep_small_square
D:10:     layout_rooms, serial_shops, shop
Lair:1:   layout_regular_city, grunt_megastairs_3

Skill      XL: |  1  2  3  4  5  6  7  8  9 10 11 |
---------------+----------------------------------+-----
Fighting       | 1 2 3 4 5 6 |  6.7
Unarmed Combat | 4 5 6 8 9 11 | 11.8
Dodging        | 2 3 4 5 7 |  7.6
Shapeshifting  | 4 5 6 7 8 |  8.1

Action                     |  1- 3 |  4- 6 |  7- 9 | 10-12 || total
---------------------------+-------+-------+-------+-------++-------
  Melee: Unarmed           |    72 |    64 |   351 |    91 ||   578
         Punch             |     1 |     1 |    12 |     4 ||    18
         Kick              |       |       |       |    14 ||    14
 Invoke: Oozemancy         |       |       |     2 |     2 ||     4
    Use: Scroll            |     5 |       |     1 |     3 ||     9
         Potion            |       |       |     2 |       ||     2
   Stab: Sleeping          |     1 |       |       |       ||     1
 Armour: Animal skin       |    37 |    53 |   262 |    77 ||   429
         Skin              |       |       |    74 |       ||    74
  Dodge: Dodged            |    43 |    28 |   193 |    81 ||   345
